 Dungeon Crawl Stone Soup version 0.27.1 (webtiles) character file.

Game seed: 16784576728913447049

2291 mainiacjoe the Fighter (level 9, -1/105 HPs)
             Began as an Ogre Warper on Aug 23, 2021.
             Was an Initiate of Ashenzari.
             Slain by a hobgoblin (6 damage)
             ... in a bailey.
             The game lasted 00:24:23 (8222 turns).

mainiacjoe the Fighter (Ogre Warper)                Turns: 8222, Time: 00:24:24

Health: -1/105     AC: 11    Str: 23    XL:     9   Next: 40%
Magic:  13/13      EV:  9    Int: 17    God:    Ashenzari [......]
Gold:   205        SH:  0    Dex:  8    Spells: 3/14 levels left

rFire    . . .     SeeInvis .   a - +0 flail (protect)
rCold    . . .     Faith    .   (no shield)
rNeg     . . .     Spirit   .   r - +0 robe
rPois    .         Reflect  .   (helmet restricted)
rElec    .         Harm     .   u - +0 cloak
rCorr    .         Rampage  .   (gloves unavailable)
Will     .....                  (boots unavailable)
Stlth    +.........             o - amulet of regeneration
HPRegen  1.27/turn              p - +6 ring of strength
MPRegen  0.13/turn              v - ring of wizardry

@: under a protective aura, on berserk cooldown, slowed, very slow
A: large, unfitting armour, tough skin 1
a: Renounce Religion


You were in a bailey.
You worshipped Ashenzari.
Ashenzari was noncommittal.
You visited 2 branches of the dungeon, and saw 8 of its levels.
You also visited: Bailey.

You collected 205 gold pieces.

Inventory:

Hand Weapons
 a - a +0 flail of protection (weapon)
 b - a +0 hunting sling
 y - a +0 war axe
Missiles
 d - 5 boomerangs of dispersal {=F}
 e - 98 bolts
 g - 77 stones (quivered)
 t - 7 javelins
 F - 8 boomerangs
 I - 8 curare-tipped darts {=F}
 J - 49 arrows
 M - 5 atropa-tipped darts {=F}
 N - a throwing net {=F}
Armour
 r - a +0 robe (worn)
 u - a +0 cloak (worn)
Jewellery
 f - a ring of ice
 o - an amulet of regeneration (around neck)
 p - a +6 ring of strength (left hand)
 v - a ring of wizardry (right hand)
 w - the ring of the Bouncing Teeth {rC+ rN+ rCorr Str+3 Dex-3}
   (You found it on level 4 of the Dungeon)

   [ring of protection from cold]

   Str:       It affects your strength (+3).
   Dex:       It affects your dexterity (-3).
   rC:        It protects you from cold.
   rN:        It protects you from negative energy.
   rCorr:     It protects you from acid and corrosion.
 K - a ring of willpower
Wands
 k - a wand of mindburst (3)
 D - a wand of flame (13)
Scrolls
 c - 2 scrolls of blinking
 h - a scroll of vulnerability
 i - a scroll of immolation
 l - a scroll of magic mapping
 s - a scroll of fog
 A - a scroll of brand weapon
 G - a scroll of enchant weapon
 H - 4 scrolls of amnesia
Potions
 j - 4 potions of lignification
 m - 3 potions of curing
 n - a potion of cancellation
 q - a potion of flight
 x - a potion of attraction
 z - a potion of magic
 B - 2 potions of might
 E - 2 potions of resistance
 P - a potion of haste


   Skills:
 * Level 11.4 Fighting
 + Level 6.5 Maces & Flails
 - Level 1.0 Throwing
 - Level 2.1 Dodging
 - Level 3.0 Spellcasting
 - Level 1.0 Conjurations
 - Level 1.0 Summonings
 - Level 4.0 Translocations
 + Level 2.3 Air Magic


You had 3 spell levels left.
You knew the following spells:

 Your Spells              Type           Power      Damage    Failure   Level
a - Shock                 Conj/Air       32%        1d5       3%          1
b - Blink                 Tloc           N/A        N/A       1%          2
c - Swiftness             Air            10%        N/A       9%          3
d - Gell's Gravitas       Tloc           8%         N/A       4%          3
e - Call Imp              Summ           5%         N/A       7%          2

Your spell library contained the following spells:

 Spells                   Type           Power      Damage    Failure   Level
 Magic Dart               Conj           20%        1d4       4%          1
 Summon Small Mammal      Summ           20%        N/A       4%          1
 Lesser Beckoning         Tloc           8%         N/A       4%          3
 Teleport Other           Tloc           16%        N/A       4%          3
 Mephitic Cloud           Conj/Pois/Air  6%         N/A       13%         3
 Call Canine Familiar     Summ           5%         N/A       14%         3
 Stone Arrow              Conj/Erth      8%         3d7       16%         3
 Summon Guardian Golem    Hex/Summ       4%         N/A       16%         3
 Airstrike                Air            5%         N/A       26%         4
 Manifold Assault         Tloc           16%        N/A       34%         5
 Animate Armour           Summ/Erth      8%         N/A       45%         4
 Petrify                  Tmut/Erth      2%         N/A       52%         4
 Metabolic Englaciation   Hex/Ice        1%         N/A       86%         5
 Statue Form              Tmut/Erth      1%         N/A       100%        6
 Lehudib's Crystal Spear  Conj/Erth      2%         10d2      100%        8


Dungeon Overview and Level Annotations

Branches:
Dungeon (7/15)             Temple (1/1) D:4          Bailey (1/1)

Altars:
Ashenzari
Cheibriados
Dithmenos
Elyvilon
Hepliaklqana
Kikubaaqudgha
Makhleb
Nemelex Xobeh
Okawaru
Qazlal
Ru
Sif Muna
Trog
Uskayaw
Xom
Yredelemnul
Zin

Annotations:
D:7 1 transporter


Innate Abilities, Weirdness & Mutations

You are too large for most types of armour.
You have tough skin. (AC +1)


Message History

* * * LOW HITPOINT WARNING * * *
The goblin hits you with a +0 hand axe.
* * * LOW HITPOINT WARNING * * *
You sock the gnoll!
Your weapon exudes an aura of protection.
You kill the gnoll!
The hobgoblin hits you but does no damage. x2
The goblin hits you with a +0 hand axe.
* * * LOW HITPOINT WARNING * * *
The goblin hits you but does no damage. The hobgoblin barely misses you.
The hobgoblin hits you with a +0 hand axe.
* * * LOW HITPOINT WARNING * * *
The hobgoblin barely misses you.
You hit the goblin but do no damage.
The goblin hits you but does no damage. x2
The hobgoblin barely misses you.
The hobgoblin hits you but does no damage.
The hobgoblin barely misses you. The goblin hits you but does no damage.
The goblin hits you with a +0 hand axe.
* * * LOW HITPOINT WARNING * * *
The hobgoblin hits you but does no damage.
The hobgoblin hits you with a +0 hand axe.
* * * LOW HITPOINT WARNING * * *
You hit the hobgoblin but do no damage.
You feel less invigorated.
You feel less confused.
The hobgoblin hits you with a +0 hand axe.
* * * LOW HITPOINT WARNING * * *
The goblin hits you with a +0 hand axe.
* * * LOW HITPOINT WARNING * * *
The goblin misses you.
The hobgoblin hits you but does no damage.
The hobgoblin hits you with a +0 hand axe.
* * * LOW HITPOINT WARNING * * *
The hobgoblin closely misses you. The goblin barely misses you.
The goblin completely misses you.
You closely miss the goblin.
The hobgoblin hits you but does no damage.
The hobgoblin hits you with a +0 hand axe.
* * * LOW HITPOINT WARNING * * *
The hobgoblin hits you with a +0 hand axe.
You die...

.... .... ...### ♣♣♣
#'#.### ♣♣.♣♣♣♣♣
###(....###♣♣......♣
##.(.......##.......♣
#..(........#.......♣♣
#.()......ogg....)..§♣
#.)...⌠..)gg@))∩.).)♣♣
#))........gg)))))...♣
#.)........o#.....).♣♣
###.........##.......♣
###.###)....###♣.♣.....♣
##.....#)#.### ♣♣♣♣.♣♣♣♣
....().))### ♣♣♣
.(((.)....# .(((......#


You could see 2 orc warriors, a gnoll, 3 hobgoblins and 2 goblins.

Vanquished Creatures
  Menkaure (D:4)
  A sky beast (D:5)
  8 orc warriors
  A black bear (D:5)
  An ogre (D:5)
  2 phantoms (D:5)
  Blork the orc (D:4)
  A scorpion (D:6)
  A howler monkey (D:5)
  2 hounds
  A jelly (D:6)
  A bullfrog skeleton (D:6)
  A centaur skeleton (D:4)
  2 orc priests
  A gnoll shaman (D:6)
  A scorpion zombie (D:5)
  Natasha (thrice) (D:4)
  2 iguanas (D:5)
  2 hound zombies
  A hound skeleton (D:4)
  11 gnolls
  2 howler monkey skeletons
  17 adders
  2 ufetubi (D:5)
  6 dart slugs
  20 orcs
  10 ball pythons
  4 bats
  5 endoplasms
  9 goblins
  15 hobgoblins
  2 quokkas
  4 frilled lizards
  10 kobolds
  4 rats
155 creatures vanquished.

Vanquished Creatures (collateral kills)
  An orc (Bailey)
1 creature vanquished.

Vanquished Creatures (others)
  6 plants (D:2)
6 creatures vanquished.

Grand Total: 162 creatures vanquished

Notes
Turn   | Place    | Note
-------+----------+-------------------------------------------
     0 | D:1      | mainiacjoe the Ogre Warper began the quest for the Orb.
     0 | D:1      | Reached XP level 1. HP: 22/22 MP: 3/3
   511 | D:1      | Reached skill level 3 in Fighting
   538 | D:1      | Reached XP level 2. HP: 31/31 MP: 5/5
  1382 | D:2      | Reached XP level 3. HP: 6/37 MP: 6/6
  2280 | D:2      | Reached skill level 4 in Fighting
  2280 | D:2      | Reached XP level 4. HP: 35/48 MP: 7/7
  2608 | D:1      | Reached XP level 5. HP: 28/55 MP: 8/8
  2746 | D:2      | Reached skill level 5 in Fighting
  3394 | D:3      | Found a faded altar of an unknown god.
  3877 | D:3      | Reached XP level 6. HP: 67/67 MP: 9/9
  4041 | D:3      | Learned a level 2 spell: Blink
  4241 | D:3      | Learned a level 1 spell: Shock
  4296 | D:3      | Learned a level 3 spell: Swiftness
  4300 | D:3      | Learned a level 3 spell: Gell's Gravitas
  4335 | D:4      | Found a burning altar of Makhleb.
  4344 | D:4      | Identified the ring of the Bouncing Teeth {rC+ rN+ rCorr
                  | Str+3 Dex-3}
  4355 | D:4      | Noticed Menkaure
  4357 | D:4      | Killed Menkaure
  4358 | D:4      | Reached skill level 6 in Fighting
  4358 | D:4      | Reached skill level 1 in Air Magic
  4464 | D:4      | Noticed Natasha
  4479 | D:4      | Killed Natasha
  4586 | D:4      | Noticed Natasha
  4591 | D:4      | Killed Natasha
  4592 | D:4      | Reached XP level 7. HP: 75/76 MP: 4/10
  4830 | D:4      | Identified the +0 helmet of Theory {*Slow rCorr Str+4
                  | Int+4}
  4919 | D:4      | Reached skill level 7 in Fighting
  4941 | D:4      | Found a staircase to the Ecumenical Temple.
  4957 | Temple   | Entered the Ecumenical Temple
  5178 | D:4      | Noticed Natasha
  5181 | D:4      | Killed Natasha
  5259 | D:4      | Noticed Blork the orc
  5268 | D:4      | Killed Blork the orc
  5628 | D:5      | Entered Level 5 of the Dungeon
  5681 | D:5      | Reached skill level 5 in Maces & Flails
  5706 | D:5      | Reached skill level 8 in Fighting
  5783 | D:5      | Reached XP level 8. HP: 48/89 MP: 9/11
  6276 | D:5      | Reached skill level 9 in Fighting
  7101 | D:6      | Found a broken altar of Ashenzari.
  7116 | D:6      | Became a worshipper of Ashenzari the Shackled
  7137 | D:6      | Reached skill level 10 in Fighting
  7211 | D:6      | Reached skill level 1 in Conjurations
  7214 | D:6      | Learned a level 2 spell: Call Imp
  7612 | D:7      | Found a transporter.
  7662 | D:7      | Found a flagged portal.
  7668 | Bailey   | Entered a bailey
  7741 | Bailey   | Reached skill level 1 in Summonings
  7754 | Bailey   | Reached XP level 9. HP: 84/102 MP: 8/12
  8116 | Bailey   | Reached skill level 11 in Fighting
  8222 | Bailey   | HP: 5/105 [hobgoblin (3)]
  8222 | Bailey   | Slain by a hobgoblin

Illustrated notes

Levels and vault maps discovered:
D:1:      dpeg_arrival_simpleton_c, layout_loops_corners, serial_glass,
          glass_columns_b, glass_columns_a, feat_on_display
D:2:      layout_basic, serial_bayou, serial_bayou_crossing,
          serial_bayou_pond_e, serial_bayou_shore_a, serial_bayou_lagoon_b,
          kennysheep_donut, minmay_snake_closets
D:3:      layout_basic, ebering_ecumenical_altar_abandoned
D:4:      layout_basic, bloody_makhleb, minmay_temple_entry_statues,
          uniq_menkaure, uniq_natasha, uniq_blork_the_orc
D:5:      layout_basic, minmay_statues_item, serial_park_tiny_pond,
          nrook_mini_vaults
D:6:      layout_loops_ring, mainiacjoe_overflow_catwalk
D:7:      kennysheep_slugbush, layout_rooms, jmf_multi_god_temple,
          enter_bailey_1, gammafunk_ghost_arena
Temple:   regret_index_temple_generic_petals
Bailey:   bailey_axe_minmay_hex_keep, bailey

Skill      XL: |  1  2  3  4  5  6  7  8  9 |
---------------+----------------------------+-----
Maces & Flails | 2 3 4 5 6 |  6.5
Fighting       | 3 4 5 6 8 10 11 | 11.4
Air Magic      | 1 2 |  2.3
Translocations | 3 4 |  4.0
Conjurations   | 1 |  1.0
Summonings     | 1 |  1.0
Spellcasting   | 3 |  3.0
Throwing       | |  1.0
Dodging        | |  2.1

Action                   |  1- 3 |  4- 6 |  7- 9 || total
-------------------------+-------+-------+-------++-------
Melee: Mace              |    67 |       |       ||    67
       War axe           |    29 |    53 |       ||    82
       Flail             |       |   112 |   330 ||   442
 Fire: Hunting sling     |       |       |    68 ||    68
Throw: Stone             |    51 |    73 |   124 ||   248
 Cast: Shock             |       |    13 |    16 ||    29
       Gell's Gravitas   |       |       |     6 ||     6
       Call Imp          |       |       |     3 ||     3
       Blink             |       |       |     4 ||     4
Evoke: Wand              |       |     2 |     3 ||     5
  Use: Scroll            |       |       |     6 ||     6
       Potion            |       |       |     3 ||     3
Armor: Robe              |    31 |    47 |   156 ||   234
Dodge: Dodged            |    59 |    95 |   239 ||   393
